 Dungeon Crawl Stone Soup version 0.31-a0-1-g4198be8af4 (webtiles) character file.

Game seed: 3743802614816773339

27 erloom the Ruffian (level 3, -13/31 HPs)
             Began as a Naga Transmuter on May 2, 2023.
             Mangled by a kobold
             ... wielding a +2 whip of electrocution
              (18 damage)
             ... on level 2 of the Dungeon.
             The game lasted 00:02:19 (1013 turns).

erloom the Ruffian (Naga Transmuter)                Turns: 1013, Time: 00:02:20

Health: -13/31     AC:  5    Str: 12    XL:     3   Next: 10%
Magic:  6/6        EV:  4    Int: 15    God:
Gold:   38         SH:  0    Dex: 11    Spells: 5/6 levels left

rFire   . .          .
                       - Unarmed
rCold   . . .        (no shield)
rNeg    . . .        d - +0 chain mail
rPois   +            (no helmet)
rElec   .            (no cloak)
rCorr   .            (no gloves)
SInv    +            (no barding)
Will    .....        (no amulet) Stlth
                     (no ring)
HPRegen 0.25/turn    (no ring)
MPRegen 0.10/turn

%: no passive effects
@: very slow
A: AC +1, large, see invisible, deformed body, poison resistance, slowness 2,
spit poison 1, naga tail 1
a: Spit Poison


You were on level 2 of the Dungeon.
You visited 1 branch of the dungeon, and saw 2 of its levels.

You collected 38 gold pieces.

Inventory:

Hand Weapons
 g - the +9 mace of Termination {drain, Drain rN+ Dex+2}
   (You found it on level 2 of the Dungeon)

   Dex:       It affects your dexterity (+2).
   rN:        It protects you from negative energy.
   Drain:     It drains your maximum health when unequipped.
Missiles
 f - 6 javelins
Armour
 a - a +0 robe
 d - a +0 chain mail (worn)
Scrolls
 e - a scroll of blinking {unknown}
Potions
 b - a potion of lignification
 c - a potion of mutation {unknown}


   Skills:
 - Level 1.0 Fighting
 - Level 1.5 Dodging
 + Level 3.4 Unarmed Combat
 + Level 2.4 Spellcasting
 + Level 2.5 Transmutations


You had 5 spell levels left.
You knew the following spells:

 Your Spells              Type           Power      Damage    Failure   Level
a - Beastly Appendage     Tmut           18%        N/A       92%         1

Your spell library contained the following spells:

 Spells                   Type           Power      Damage    Failure   Level
 Wereblood                Tmut           9%         N/A       98%         2
 Spider Form              Tmut/Pois      5%         N/A       100%        3
 Ice Form                 Ice/Tmut       5%         N/A       100%        4


Dungeon Overview and Level Annotations

Branches:
Dungeon (2/15)

Altars:


Innate Abilities, Weirdness & Mutations

Your serpentine skin is tough. (AC +1)
You have supernaturally acute eyesight. (SInv)
Armour fits poorly on your strangely shaped body.
Your system is resistant to poisons. (rPois)
You cover ground very slowly.
You can spit poison.
You have a snake-like lower body.


Message History

The endoplasm is heavily wounded.
The endoplasm freezes you.
You are frozen.
You hit the endoplasm.
You kill the endoplasm!
You hit the rat.
You kill the rat!
You swing at nothing.
You swing at nothing.
You see here a +0 sling.
You open the door.
There is an open door here.
You open the door.
There is an open door here.
There is an open door here.
Done exploring.
Done exploring.
(D) Dungeon
Where to? (Enter - D:1 @ (x,y), ? - help)
There is a stone staircase leading down here.
You climb downwards.
Found a stone and a jewelled mace.
There is a stone staircase leading up here.
A kobold comes into view.
It is wielding a +2 whip of electrocution.
The kobold shouts!
You hear a shout!
You see here the +9 mace of Termination {drain, Drain rN+ Dex+2}.
g - the +9 mace of Termination {drain, Drain rN+ Dex+2}
Okay, then.
You closely miss the kobold. The kobold closely misses you.
You barely miss the kobold.
The kobold hits you with a +2 whip of electrocution.
You are electrocuted!!
Ouch! That really hurt!
* * * LOW HITPOINT WARNING * * *
You hit the kobold but do no damage.
The kobold hits you with a +2 whip of electrocution.
* * * LOW HITPOINT WARNING * * *
You are electrocuted!!
Ouch! That really hurt!
You die...

####.. ..#... #
#...#.#.
#....... # ..
#.#..#.###.#
...#.....K.(..#
...#. #.<..#
#..##.#.......
#@K.########
#....### #.####
#


You could see a kobold.

Vanquished Creatures
  2 dart slugs (D:1)
  3 endoplasms (D:1)
  2 goblins (D:1)
  2 hobgoblins (D:1)
  4 ball pythons (D:1)
  2 bats (D:1)
  2 frilled lizards (D:1)
  2 kobolds (D:1)
  4 rats (D:1)
23 creatures vanquished.

Notes
Turn   | Place    | Note
-------+----------+-------------------------------------------
     0 | D:1      | erloom the Naga Transmuter began the quest for the Orb.
     0 | D:1      | Reached XP level 1. HP: 18/18 MP: 3/3
    63 | D:1      | Found a faded altar of an unknown god.
   368 | D:1      | Reached XP level 2. HP: 25/25 MP: 5/5
   885 | D:1      | Reached XP level 3. HP: 27/31 MP: 6/6
  1007 | D:2      | Identified the +9 mace of Termination {drain, Drain rN+
                  | Dex+2}
  1013 | D:2      | Mangled by a kobold

Illustrated notes

Levels and vault maps discovered:
D:1:      dpeg_arrival_stone_temple_mockup, layout_loops_corners,
          shapermc_ecumenical_altar_mp_ritualfount
D:2:      layout_rooms

Action                     || total
---------------------------++-------
  Melee: Unarmed           ||    83
         Punch             ||     3
 Armour: Chain mail        ||    36
  Dodge: Dodged            ||    23

Table legend: (Time is in decaauts)
 A = Elapsed time spent in this place.
 B = Non-inter-level travel time spent in this place.
 C = Inter-level travel time spent in this place.
 D = Time resting spent in this place.
 E = Time spent auto-exploring this place.
 F = Levels seen in this place.
 G = Mean time per level.
                   A        B        C        D        E       F      G
               +--------+--------+--------+--------+--------+-----+--------+
         Total |   1312 |   1283 |     29 |     91 |    919 |   2 |  656.0 |
       Dungeon |   1312 |   1283 |     29 |     91 |    919 |   2 |  656.0 |
               +--------+--------+--------+--------+--------+-----+--------+

Top non-repeatable levels by time:
     D:1: 1303 daAuts
     D:2: 9 daAuts
